Map: Dusk Towers

Players

Cole

  • Race: Protoss Protoss
  • League: Platinum

IsSyLeN

  • Race: Protoss Protoss

Killa

  • Race: Zerg Zerg
  • League: Diamond

Eumenides

  • Race: Zerg Zerg

VOD

Have the link to the VOD?

Description

Time

  • Played on: Feb. 15, 2016, 10:17 p.m.
  • Length: 14:13
Show
View Real Time Build Order
Export as new Build Order

Cole Protoss 

Build Orders: 1 Gate Expand 

Get SALT Encoding   

  12  0:01  Probe (Chrono Boost)  
  13  0:11  Probe (Chrono Boost)  
  14  0:18  Pylon  
  14  0:22  Probe (Chrono Boost)  
  15  0:37  Probe (Chrono Boost)  
  15  0:41  Gateway  
  16  0:47  Assimilator, Probe (Chrono Boost)  
  17  0:58  Probe (Chrono Boost)  
  18  1:08  Probe (Chrono Boost)  
  19  1:13  Gateway  
  19  1:19  Probe (Chrono Boost)  
  20  1:39  Nexus  
  20  1:43  Probe (Chrono Boost)  
  21  1:53  Cybernetics Core  
  21  1:56  Probe (Chrono Boost)  
  22  2:10  Pylon  
  22  2:11  Probe (Chrono Boost)  
  22  2:12  Assimilator  
  23  2:24  Pylon  
  23  2:28  Probe (Chrono Boost)  
  24  2:30  Adept  
  24  2:32  Adept  
  24  2:36  Warp Gate  
  30  2:44  Mothership Core (Chrono Boost)  
  30  2:54  Probe (Chrono Boost)  
  30  3:00  Pylon  
  30  3:02  Probe (Chrono Boost)  
  31  3:15  Probe x2 (Chrono Boost)  
  33  3:21  Stargate  
  33  3:25  Probe (Chrono Boost)  
  34  3:28  Gateway  
  34  3:33  Gateway  
  34  3:36  Probe (Chrono Boost)  
  34  3:38  Probe (Chrono Boost)  
  36  3:45  Pylon  
  36  3:46  Probe (Chrono Boost)  
  37  4:06  Probe x2 (Chrono Boost)  
  37  4:07  Phoenix  
  41  4:16  Probe (Chrono Boost)  
  42  4:22  Nexus  
  38  4:33  Pylon  
  38  4:34  Pylon  
  38  4:36  Pylon  
  38  4:46  Sentry  
  38  4:47  Adept  
  41  5:00  Void Ray, Probe x2 (Chrono Boost)  
  47  5:16  Probe x2 (Chrono Boost)  
  47  5:18  Assimilator  
  49  5:22  Assimilator  
  49  5:25  Adept x2  
  49  5:26  Adept  
  49  5:27  Adept, Probe x2 (Chrono Boost)  
  59  5:37  Probe x2 (Chrono Boost)  
  59  5:38  Probe (Chrono Boost)  
  62  5:43  Void Ray  
  62  5:48  Probe x2 (Chrono Boost)  
  68  5:54  Probe (Chrono Boost)  
  69  5:58  Probe (Chrono Boost)  
  69  6:00  Adept x4  
  78  6:05  Twilight Council  
  78  6:08  Forge  
  78  6:12  Forge  
  78  6:14  Probe x2 (Chrono Boost)  
  80  6:26  Phoenix, Probe x2 (Chrono Boost)  
  80  6:28  Probe (Chrono Boost)  
  85  6:36  Probe (Chrono Boost)  
  85  6:37  Probe (Chrono Boost)  
  85  6:38  Probe (Chrono Boost)  
  88  6:41  Protoss Ground Weapons Level 1  
  88  6:43  Stalker x2  
  88  6:44  Stalker x2  
  88  6:46  Protoss Ground Armor Level 1  
  96  6:48  Phoenix  
  98  7:04  Probe (Chrono Boost)  
  98  7:07  Probe (Chrono Boost)  
  98  7:08  Probe (Chrono Boost)  
  101  7:09  Blink  
  101  7:12  Adept x2  
  101  7:13  Stalker  
  108  7:16  Probe (Chrono Boost)  
  108  7:18  Probe (Chrono Boost)  
  109  7:29  Pylon  
  109  7:34  Probe (Chrono Boost), Pylon  
  108  7:37  Probe (Chrono Boost)  
  108  7:40  Gateway  
  108  7:41  Gateway  
  108  7:42  Phoenix  
  106  7:44  Gateway  
  108  7:52  Stalker x2  
  108  7:53  Stalker  
  108  7:55  Stalker  
  116  8:03  Probe x2 (Chrono Boost)  
  116  8:04  Phoenix, Probe (Chrono Boost)  
  121  8:14  Nexus  
  121  8:15  Probe (Chrono Boost)  
  121  8:17  Pylon  
  122  8:24  Stalker x2  
  122  8:25  Protoss Ground Weapons Level 2  
  125  8:30  Protoss Ground Armor Level 2, Pylon  
  125  8:33  Pylon  
  125  8:45  Phoenix  
  125  8:59  Assimilator  
  125  9:04  Assimilator  
  125  9:14  Probe x3 (Chrono Boost)  
  125  9:15  Charge  
  125  9:16  Nexus  
  128  9:19  Pylon x2  
  128  9:21  Pylon  
  128  9:25  Pylon  
  128  9:26  Probe x2 (Chrono Boost)  
  132  9:39  Assimilator  
  132  9:40  Probe x3 (Chrono Boost)  
  132  9:43  Stalker x4  
  132  9:44  Zealot x3  
  132  9:45  Assimilator  
  147  9:56  Templar Archives  
  147  10:20  Probe (Chrono Boost)  
  149  10:21  Probe (Chrono Boost)  
  149  10:25  Adept x2  
  149  10:26  Adept x5  
  163  10:34  Psionic Storm, Gateway  
  163  10:35  Protoss Ground Weapons Level 3  
  163  10:36  Gateway  
  163  10:39  Gateway  
  163  10:41  Gateway  
  163  10:42  Gateway  
  163  10:43  Gateway  
  163  10:49  Robotics Facility  
  163  10:51  Robotics Facility  
  163  10:53  Robotics Facility  
  163  11:02  Protoss Ground Armor Level 3  
  163  11:13  Probe x2 (Chrono Boost)  
  163  11:14  High Templar x2, Probe (Chrono Boost)  
  163  11:16  Zealot x2  
  163  11:17  Zealot x3  
  179  11:44  Adept  
  179  11:45  Adept x4  
  179  11:50  Immortal x2  
  179  11:52  Immortal  
  188  12:13  Pylon  
  188  12:15  Pylon  
  188  12:21  Pylon  
  186  12:35  Nexus  
  186  12:36  Immortal x3  
  198  12:38  Pylon  
  198  12:40  High Templar, Pylon  
  198  12:43  Pylon  
  196  12:47  Pylon  
  192  12:51  High Templar  
  192  12:52  High Templar x3  
Show
View Real Time Build Order
Export as new Build Order

IsSyLeN Protoss 

Build Orders:  

Get SALT Encoding   

  12  0:01  Drone  
  13  0:12  Overlord  
  13  0:17  Drone  
  14  0:29  Extractor  
  14  0:30  Drone  
  14  0:32  Drone  
  15  0:42  Drone  
  16  0:46  Drone  
  17  0:53  Spawning Pool  
  17  0:56  Drone  
  17  1:06  Drone  
  18  1:17  Drone  
  19  1:34  Hatchery  
  18  1:40  Drone  
  18  1:46  Queen  
  21  1:53  Overlord  
  21  1:58  Drone  
  22  2:06  Overlord  
  22  2:19  Zergling x2  
  22  2:22  Zergling x2  
  24  2:28  Queen  
  26  2:44  Drone  
  26  2:45  Drone  
  26  2:48  Drone  
  26  2:51  Metabolic Boost  
  29  2:55  Extractor  
  29  2:56  Drone x3  
  29  2:57  Drone  
  32  3:03  Drone  
  33  3:12  Lair  
  33  3:14  Drone  
  33  3:15  Zergling x2  
  35  3:26  Spine Crawler  
  35  3:27  Drone x3  
  35  3:31  Zergling x2  
  35  3:32  Zergling x2  
  37  3:35  Zergling x2  
  37  3:37  Zergling x2  
  39  3:48  Queen  
  39  3:57  Zergling x2  
  39  3:58  Zergling x8  
  43  4:08  Zergling x2  
  43  4:33  Spire  
  43  4:34  Zergling x2  
  43  4:35  Overlord x3  
  43  4:53  Zergling x8  
  43  4:54  Zergling x4  
  46  5:08  Drone x4  
  46  5:12  Extractor  
  48  5:28  Overlord  
  48  5:29  Overlord  
  48  5:45  Mutalisk x7  
  48  5:46  Mutalisk  
  64  6:08  Spore Crawler  
  64  6:09  Spore Crawler  
  64  6:11  Spore Crawler  
  61  6:12  Mutalisk x2  
  61  6:15  Extractor  
  61  6:27  Mutalisk  
  61  6:41  Drone x4  
  61  6:42  Drone x2  
  61  6:44  Drone x2  
  61  6:45  Drone  
  70  6:47  Mutalisk  
  72  6:56  Roach Warren  
  71  7:01  Hydralisk Den  
  70  7:10  Drone x5  
  70  7:11  Drone  
  76  7:25  Drone x5  
  81  7:41  Roach  
  81  7:42  Hatchery  
  81  7:43  Muscular Augments  
  82  7:44  Glial Reconstitution  
  82  7:49  Roach  
  82  7:55  Overlord  
  82  7:56  Overlord  
  82  8:10  Overlord x2  
  82  8:26  Roach x3  
  88  8:27  Roach x4  
  88  8:28  Roach  
  92  8:44  Hatchery  
  91  8:49  Hydralisk x2  
  91  8:53  Hydralisk  
  91  8:56  Hydralisk  
  91  9:00  Drone  
  86  9:08  Hydralisk  
  86  9:09  Hydralisk  
  90  9:12  Hydralisk  
  88  9:23  Drone  
  88  9:24  Drone x4  
  86  9:34  Drone  
  86  9:35  Drone x3  
  90  9:42  Spore Crawler  
  90  9:45  Spore Crawler, Drone  
  88  9:50  Drone x2  
  91  10:00  Hydralisk  
  91  10:01  Hydralisk  
  91  10:05  Spore Crawler  
  94  10:11  Spore Crawler  
  93  10:15  Spore Crawler  
  93  10:19  Hydralisk  
  93  10:20  Hydralisk  
  96  10:29  Overlord  
  96  10:32  Spore Crawler  
  96  10:42  Drone  
  96  10:43  Queen, Drone x2  
  96  10:47  Drone  
  96  10:48  Drone x3  
  104  10:50  Overlord  
  104  10:55  Overlord  
  104  11:00  Overlord  
  104  11:10  Overlord  
  104  11:17  Overlord  
  104  11:22  Roach x3  
  104  11:24  Overlord x4  
  108  11:26  Drone  
  108  11:27  Drone  
  108  11:28  Drone  
  108  11:30  Drone  
  108  11:31  Drone  
  111  11:33  Drone  
  111  11:34  Drone  
  111  11:38  Drone x2  
  111  11:39  Drone  
  116  11:41  Drone  
  116  11:42  Drone  
  102  11:57  Roach x2  
  102  11:58  Roach x5  
  113  12:07  Hydralisk x2  
  113  12:08  Roach x3  
  123  12:09  Roach  
  124  12:23  Drone x2  
  124  12:26  Queen  
  124  12:28  Roach x3  
  124  12:29  Roach x5  
  144  12:31  Roach  
  146  12:38  Evolution Chamber  
  146  12:42  Evolution Chamber, Roach x3  
  146  12:43  Roach  
  146  12:44  Roach  
  154  12:52  Zergling x6  
  154  12:53  Zergling x6  
  160  13:10  Overlord x6  
  160  13:11  Overlord x2  
  160  13:24  Evolution Chamber  
  159  13:27  Hydralisk  
  159  13:28  Overlord x3  
  159  13:29  Overlord  
  161  13:38  Spine Crawler  
  160  13:42  Spine Crawler  
  159  13:48  Roach  
  159  13:49  Roach x6  
  159  13:50  Roach x2  
  159  13:52  Roach  
Show
View Real Time Build Order
Export as new Build Order

Killa Zerg 

Build Orders:  

Get SALT Encoding   

Show
View Real Time Build Order
Export as new Build Order

Eumenides Zerg 

Build Orders:  

Get SALT Encoding   

Tags
 
Add a new tag
Caveats
  • Supply blocks, unpowered buildings, or Contaminate may cause inaccurate times.
  • Supply counts are checked every 10 seconds.